 Dungeon Crawl Stone Soup version 0.27.1 (webtiles) character file.

Game seed: 14228110810246106725

21 Munclebunn the Ruffian (level 2, -4/23 HPs)
             Began as a Draconian Transmuter on Aug 29, 2021.
             Slain by a gnoll (13 damage)
             ... on level 1 of the Dungeon on Aug 30, 2021.
             The game lasted 00:02:12 (848 turns).

Munclebunn the Ruffian (Draconian Transmuter)        Turns: 848, Time: 00:02:13

Health: -4/23      AC:  4    Str: 12    XL:     2   Next: 62%
Magic:  3/5        EV: 12    Int: 13    God:
Gold:   23         SH:  0    Dex: 11    Spells: 2/5 levels left

rFire    . . .     SeeInvis .     - Unarmed
rCold    . . .     Faith    .   (no shield)
rNeg     + . .     Spirit   .   (armour unavailable)
rPois    .         Reflect  .   (helmet currently unavailable)
rElec    .         Harm     .   (no cloak)
rCorr    .         Rampage  .   (no gloves)
Will     .....                  (boots currently unavailable)
Stlth    +.........             (no amulet)
HPRegen  0.07/turn              c - ring of positive energy
MPRegen  0.09/turn              (no ring)

@: appendages, wereblooded
A: horns 2, talons 2, AC +4, unfitting armour, cold-blooded
a: End Transformation


You were on level 1 of the Dungeon.
You had temporarily grown beastly horns and talons.
You visited 1 branch of the dungeon, and saw 1 of its levels.

You collected 23 gold pieces.

Inventory:

Hand Weapons
 f - a +0 hunting sling
Missiles
 a - 3 datura-tipped darts
 e - 29 stones
Jewellery
 c - a ring of positive energy (left hand)
Scrolls
 d - a scroll of fear {unknown}
Potions
 b - a potion of degeneration {unknown}


   Skills:
 + Level 1.4 Fighting
 - Level 1.7 Dodging
 * Level 3.3 Unarmed Combat
 + Level 2.2 Spellcasting
 * Level 2.4 Transmutations


You had 2 spell levels left.
You knew the following spells:

 Your Spells              Type           Power      Damage    Failure   Level
a - Beastly Appendage     Tmut           14%        N/A       9%          1
b - Wereblood             Tmut           7%         N/A       14%         2

Your spell library contained the following spells:

 Spells                   Type           Power      Damage    Failure   Level
 Spider Form              Tmut/Pois      2%         N/A       41%         3
 Ice Form                 Ice/Tmut       4%         N/A       83%         4


Dungeon Overview and Level Annotations

Branches:
Dungeon (1/15)

Altars:


Innate Abilities, Weirdness & Mutations

You have temporarily grown beastly horns and talons.
Your plain brown scales are hard. (AC +4)
You cannot fit into any form of body armour.
You are cold-blooded and may be slowed by cold attacks.


Message History

You kill the ball python!
You hit the quokka.
The quokka is almost dead.
The quokka barely misses you.
You hit the quokka.
You kill the quokka!
You hit the rat.
You kill the rat!
Your magical contamination has completely faded away.
Your transformation is almost over.
Your horns disappear.
Your talons disappear.
A gnoll comes into view.
It is wielding a +1 flail of protection.
The gnoll shouts!
Casting: Beastly Appendage (safe; 9% risk of failure)
Confirm with . or Enter, or press ? or * to list all spells.
You grow a pair of large bovine horns.
Your feet morph into talons.
Casting: Beastly Appendage (safe; 9% risk of failure)
Confirm with . or Enter, or press ? or * to list all spells.
Your blood is infused with primal strength.
You completely miss the gnoll. You claw the gnoll, but do no damage.
The gnoll hits you with a +1 flail of protection.
You hit the gnoll but do no damage.
The gnoll hits you with a +1 flail of protection.
You hit the gnoll. You claw the gnoll. You headbutt the gnoll.
The gnoll is heavily wounded.
The gnoll barely misses you.
You closely miss the gnoll. You claw the gnoll, but do no damage.
The gnoll is heavily wounded.
The gnoll barely misses you.
You hit the gnoll but do no damage.
The gnoll is heavily wounded.
The gnoll hits you with a +1 flail of protection!
You hit the gnoll but do no damage.
The gnoll is heavily wounded.
The gnoll barely misses you.
You hit the gnoll but do no damage.
The gnoll is heavily wounded.
The gnoll hits you with a +1 flail of protection!
Ouch! That really hurt!
You die...

#.# # #.# # #.# #
#.# #######
######.#####...#..
#............#.#.#
#.####..###....#.#
#.# #.....#.#.....
#@# #.....#>####.#
#g###.......# #.#
#.#.......#.# #.#
#.#.#.....#.# #.#
#.#.#######.# #.#
#.# #.# #.# #.#
#.# ... #.# ...
... ..# .# #


You could see a gnoll.

Vanquished Creatures
  5 endoplasms (D:1)
  A giant cockroach (D:1)
  2 hobgoblins (D:1)
  2 quokkas (D:1)
  2 ball pythons (D:1)
  3 bats (D:1)
  2 rats (D:1)
17 creatures vanquished.

Notes
Turn   | Place    | Note
-------+----------+-------------------------------------------
     0 | D:1      | Munclebunn the Draconian Transmuter began the quest for the
                  | Orb.
     0 | D:1      | Reached XP level 1. HP: 16/16 MP: 3/3
   190 | D:1      | Found a faded altar of an unknown god.
   198 | D:1      | Reached XP level 2. HP: 23/23 MP: 3/5
   201 | D:1      | Learned a level 2 spell: Wereblood
   848 | D:1      | Slain by a gnoll

Illustrated notes

Levels and vault maps discovered:
D:1:      dpeg_arrival_arbitrary_c, layout_loops_ring, basic_ecumenical_altar

Action                   || total
-------------------------++-------
Melee: Unarmed           ||    44
       Kick              ||     8
       Headbutt          ||     6
       Tailslap          ||     1
 Cast: Beastly Appendage ||    14
       Wereblood         ||     4
Armor: Skin              ||    16
Dodge: Dodged            ||    24
